 Dungeon Crawl Stone Soup version 0.21.1-1-g345015f (webtiles) character file.

1575 CougarLife the Grappler (level 8, -12/80 HPs)
             Began as a Troll Monk on May 30, 2018.
             Mangled by a hornet (17 damage)
             ... on level 6 of the Dungeon.
             The game lasted 00:09:34 (4386 turns).

CougarLife the Grappler (Troll Monk)                Turns: 4386, Time: 00:09:34

Health: -12/80     AC:  5    Str: 20    XL:     8   Next: 60%
Magic:  7/7        EV: 12    Int:  7    God:
Gold:   257        SH:  0    Dex: 13    Spells: 7/7 levels left

rFire    . . .     SeeInvis +     - Unarmed
rCold    . . .     Gourm    +   (no shield)
rNeg     . . .     Faith    .   a - +0 robe
rPois    .         Spirit   .   (helmet restricted)
rElec    .         Reflect  .   (no cloak)
rCorr    .         Harm     .   (gloves unavailable)
MR       .....                  (boots unavailable)
Stlth    ++........             (no amulet)
HPRegen  0.63/turn              j - ring of see invisible
MPRegen  0.10/turn              (no ring)

@: slowed, very slow
A: large, unfitting armour, claws 3, fast metabolism 3, gourmand, regeneration
1, shaggy fur 1, tough skin 2
a: no special abilities


You were on level 6 of the Dungeon.
You were very full.

You visited 1 branch of the dungeon, and saw 6 of its levels.

You collected 257 gold pieces.

Inventory:

Armour
 a - a +0 robe (worn)
Jewellery
 j - a ring of see invisible (left claw)
Wands
 p - a wand of digging (16)
 r - a wand of iceblast (22)
Scrolls
 d - 4 scrolls of remove curse
 e - 3 scrolls of teleportation
 h - a scroll of blinking {unknown}
 l - a scroll of amnesia
 o - a scroll of enchant weapon {unknown}
 q - 2 scrolls of enchant armour
Potions
 c - a potion of invisibility {unknown}
 f - a potion of heal wounds {unknown}
 i - a potion of agility {unknown}
 k - a potion of cancellation {unknown}
 m - 2 potions of brilliance {unknown}
 n - 3 potions of curing
 t - a potion of mutation {unknown}
 u - a potion of flight {unknown}
 v - a potion of might {unknown}
Comestibles
 b - 11 rations
 g - 6 chunks of flesh


   Skills:
 - Level 5.0 Fighting
 - Level 5.2 Dodging
 - Level 1.0 Stealth
 + Level 8.3 Unarmed Combat


You had 7 spell levels left.
You didn't know any spells.

Dungeon Overview and Level Annotations

Branches:
Dungeon (6/15)
 Temple: D:4-7

Altars:
Ashenzari
Dithmenos
Gozag
Makhleb
Nemelex Xobeh
Qazlal
Ru
Vehumet


Innate Abilities, Weirdness & Mutations

You are too large for most types of armour.
You have claws for hands.
Your metabolism is lightning-fast.
You like to eat raw meat.
Your natural rate of healing is unusually fast.
You are covered in fur. (AC +1)
You have very tough skin. (AC +2)


Message History

The hornet stings you.
* * * LOW HITPOINT WARNING * * *
You feel as though you will be slow longer.
You feel better.
You hear the brisk rusting of a distant drain.
The hornet stings you but does no damage.
The hornet stings you.
* * * LOW HITPOINT WARNING * * *
You feel as though you will be slow longer.
You completely miss the hornet. The hornet barely misses you.
The hornet stings you.
* * * LOW HITPOINT WARNING * * *
You feel as though you will be slow longer.
You scratch the hornet but do no damage.
The hornet stings you!
* * * LOW HITPOINT WARNING * * *
You feel as though you will be slow longer.
The hornet misses you.
You barely miss the hornet. Your claw misses the hornet. The hornet stings you!
You die...

....## #### ...##
##..# ...## #...##
####### ###.####....#
....... #..##.....#
.......
##.......#####
...%...
##..........##.......
#.######............
#.# #####@y...... #.#
##....... #.# ##.....
#.. ##.. ##. #


You could see a hornet.

Vanquished Creatures
  Pikel (D:5)
  A sky beast (D:5)
  2 ogres
  2 centaurs
  2 bullfrogs
  A scorpion (D:4)
  3 crimson imps (D:5)
  A quasit (D:3)
  2 hounds (D:6)
  An orc wizard (D:5)
  Ijyb (D:5)
  An iguana (D:5)
  3 worker ants
  7 adders
  A shadow imp (D:6)
  3 oozes
  An adder skeleton (D:6)
  2 adder zombies
  3 worms (D:2)
  4 dart slugs (D:1)
  9 orcs
  6 bats
  9 giant cockroaches
  6 goblins
  6 hobgoblins
  9 jackals
  5 kobolds
  4 quokkas
  4 ball pythons
  8 frilled lizards
  6 rats
114 creatures vanquished.

Vanquished Creatures (others)
  A worker ant (D:5)
1 creature vanquished.

Grand Total: 115 creatures vanquished

Notes
Turn   | Place    | Note
-------+----------+-------------------------------------------
     0 | D:1      | CougarLife the Troll Monk began the quest for the Orb.
     0 | D:1      | Reached XP level 1. HP: 22/22 MP: 0/0
    84 | D:1      | Reached XP level 2. HP: 27/29 MP: 1/1
   228 | D:1      | Reached skill level 4 in Unarmed Combat
   256 | D:1      | Reached XP level 3. HP: 23/36 MP: 2/2
  1278 | D:2      | Reached XP level 4. HP: 36/44 MP: 3/3
  1285 | D:2      | Reached skill level 5 in Unarmed Combat
  1456 | D:2      | Noticed an ogre
  1464 | D:2      | Killed an ogre
  1464 | D:2      | Reached XP level 5. HP: 9/50 MP: 4/4
  2053 | D:3      | Found a sparkling altar of Nemelex Xobeh.
  2053 | D:3      | Found an opulent altar of Gozag.
  2149 | D:3      | Found a shattered altar of Ashenzari.
  2276 | D:3      | Found a faded altar of an unknown god.
  2573 | D:4      | Reached XP level 6. HP: 27/59 MP: 5/5
  2757 | D:4      | Found a sacrificial altar of Ru.
  3107 | D:4      | Reached skill level 5 in Dodging
  3256 | D:4      | Found a stormy altar of Qazlal.
  3262 | D:4      | Found a shadowy altar of Dithmenos.
  3265 | D:4      | Found a sacrificial altar of Ru.
  3336 | D:5      | Entered Level 5 of the Dungeon
  3362 | D:5      | Reached XP level 7. HP: 45/67 MP: 6/6
  3421 | D:5      | Noticed Ijyb
  3427 | D:5      | Killed Ijyb
  3538 | D:5      | Found a radiant altar of Vehumet.
  3538 | D:5      | Found a burning altar of Makhleb.
  3711 | D:5      | Reached skill level 5 in Fighting
  3781 | D:5      | Noticed Pikel
  3795 | D:5      | Killed Pikel
  3795 | D:5      | Reached skill level 7 in Unarmed Combat
  3795 | D:5      | Reached XP level 8. HP: 50/80 MP: 7/7
  4167 | D:6      | Reached skill level 8 in Unarmed Combat
  4371 | D:6      | Noticed a hornet
  4378 | D:6      | Paralysed by a hornet for 3 turns
  4385 | D:6      | HP: 4/80 [hornet (13)]
  4386 | D:6      | Mangled by a hornet

Skill      XL: |  1  2  3  4  5  6  7  8 |
---------------+-------------------------+-----
Unarmed Combat | 4 5 7 8 |  8.3
Dodging        | 3 4 5 |  5.2
Fighting       | 3 5 |  5.0
Stealth        | |  1.0

Action                   |  1- 3 |  4- 6 |  7- 9 || total
-------------------------+-------+-------+-------++-------
Melee: Unarmed           |   115 |   114 |   126 ||   355
       Punch             |     2 |       |     3 ||     5
  Use: Scroll            |       |     2 |     3 ||     5
       Potion            |       |       |     1 ||     1
 Stab: Sleeping          |       |     3 |       ||     3
  Eat: Chunk             |    17 |    19 |     8 ||    44
Armor: Robe              |    38 |    40 |    26 ||   104
Dodge: Dodged            |    71 |    71 |    70 ||   212
